AoeStats
← Dark | NotAdam

Arabian Desert

509683405Analyzed
1v1 RM · 5d ago on Sep 27, 2026· 38m 41s· 2 players
Game mode
Random Map
Map size
Tiny (2 player)
Population
200
Speed
Normal
Resources
Standard
Victory
Conquest
Starting age
Dark Age
Ending age
Imperial Age
RankedLock teamsTeams togetherTeam positionsShared explorationLock speedFull tech treeHidden civsTurbo modeCheats
Victory
Defeat
🇨🇳 Vikings · China
1784
+28
🇲🇽 Saxons · Mexico
2112
-28
Dark | NotAdam
6:34 Loom
8:49 Feudal Age
9:20 Double-Bit Axe
18:43 Castle Age
17:48 Scale Barding Armor
19:03 Bloodlines
18:40 Horse Collar
24:23 Scale Mail Armor
hailanxing.1
6:57 Loom
9:35 Feudal Age
9:42 Man-at-Arms
10:08 Horse Collar
10:17 Double-Bit Axe
11:12 Horse Collar
14:06 Town Watch
20:24 Castle Age
18:47 Fletching
18:59 Padded Archer Armor
18:52 Gold Mining
20:26 Crossbowman
21:02 Bodkin Arrow
22:27 Bow Saw
22:21 Heavy Plow
27:58 Ballistics
35:09 Scale Barding Armor
35:15 Forging
37:26 Light Cavalry
Connection lost

Rejoining the realm…

Still unreachable

The connection could not be restored.

Session expired

The server has moved on; the page needs a fresh start.